[Event "*** Titled Tuesday Blitz"]
[Site "Chess.com"]
[Date "2020.04.28"]
[Round "1"]
[White "KubaGepard"]
[Black "swapchess90"]
[Result "1-0"]
[WhiteElo "2406"]
[BlackElo "2689"]
[TimeControl "180+1"]
[EndTime "10:08:36 PDT"]
[Termination "KubaGepard won by resignation"]

1. d4 Nf6 2. Nf3 d5 3. Bf4 e6 4. e3 c5 5. c3 Bd6 6. Bb5+ Kf8 7.
Bxd6+ Qxd6 8. Nbd2 Qb6 9. a4 cxd4 10. cxd4 a6 11. Rc1 Bd7 12. Bxd7 Nbxd7 13. O-O Ke7 14.
b4 Rhc8 15. Qb3 Qd6 16. h3 h6 17.
Rfd1 Kf8 18. Ne1 Ne4 19. Ndf3 b6 20. Nd3 f6 21. Qb1 Kf7 22. Qb2 g5 23. Nd2 h5 24. f3 Ng3 25. Nf1 h4 26. Nxg3 Qxg3 27. b5 a5 28. Qa2 Qd6 29. Rc2 Ke7 30. Rdc1 Kd8 31. Rc3 Rxc3 32. Rxc3 Rc8 33. Qc2 Rxc3 34. Qxc3 Qc7 35. Qxc7+ Kxc7 36. Kf2 Kd6 37. g3 hxg3+ 38. Kxg3 e5 39. Kg4 exd4 40. exd4 Ke6 41. f4 gxf4 42.
Kxf4 Nf8 43. Kg4 Ng6 44. Nf4+ Kf7 45. Kf5 Ne7+ 46. Kg4 Kg7 47. h4 Kh6 48. h5 f5+ 49. Kh4 Nc8 50. Nxd5 Nd6 51. Ne7 f4 52. Kg4 f3 53. Kxf3 Kxh5 54. Kf4 Nc4 55. Nd5 Kg6 56. Ke4 Kf7 57. Kf5 Ke8 58. Ke6 Kd8 59. Nc3 Kc7 60.
d5 Nd6 61. Ne2 Nc4 62. Nd4 Nd6 63. Nf5 Nc4 64. d6+ Kd8 65. Ne7 Nb2 66. Nc6+ 1-0

[Event "*** Titled Tuesday Blitz"]
[Site "Chess.com"]
[Date "2020.04.28"]
[Round "1"]
[White "Durarbayli"]
[Black "Future2700"]
[Result "1-0"]
[WhiteElo "2777"]
[BlackElo "2415"]
[TimeControl "180+1"]
[EndTime "10:08:38 PDT"]
[Termination "Durarbayli won by resignation"]

1. e4 c5 2. Nf3 e6 3. d4 cxd4 4.
Nxd4 Nc6 5. Nc3 Qc7 6. g3 Bb4 7. Bg2 Nf6 8. Nb5 Qb8 9. Bf4 e5 10. Bg5 a6 11. Bxf6 gxf6 12. Na3 b5 13. O-O Bxc3 14.
bxc3 Qc7 15. Qf3 Qd6 16. Nb1 Qe7 17. a4 Rb8 18. axb5 axb5 19. Rd1 d6 20. Nd2 Be6 21. Nf1 O-O 22. Ne3 Rfc8 23. Qh5 b4 24. Bh3 bxc3 25. Bf5 Bxf5 26. Nxf5 Qf8 27. Qg4+ Kh8 28. Qh4 h6 29.
Nxh6 Nd4 30. Nf5+ Kg8 31. Qg4+ Kh7 32. Nxd4 exd4 33. Rxd4 Rc5 34. Rad1 Rb6 35. Qh4+ Kg8 36. Qf4 Rg5 37. Qxf6 Rg6 38. Qf5 Rc6 39. e5 Rc5 40. Re4 Rxe5 41. Rxe5 dxe5 42. Qxe5 Qg7 43. Qxg7+ Kxg7 44. Rd3 Rc6 45. Kf1 Rc4 46. Ke2 Re4+ 47. Re3 Rc4 48.
Kd3 Rc6 49. Re4 Rh6 50. Rg4+ Kf8 51. h4 Rc6 52. Rd4 Rf6 53. Rf4 Rd6+ 54. Kxc3 Rc6+ 55. Kd3 Rd6+ 56. Ke2 Rc6 57. c4 Kg7 58. Kf3 Rd6 59. Ke3 Re6+ 60. Kd4 Rd6+ 61. Kc5 Rd2 62. Kc6 Rc2 63.
c5 Rb2 64. Kd6 Rd2+ 65. Kc7 Kf8 66. c6 Ke7 67. Re4+ Kf8 68. f3 Rd3 69. Rf4 Rd2 70.
h5 Kg7 71. g4 Rd5 72. Rf5 Rd3 73. Kc8 Rd4 74. c7 Rb4 75. Kd7 Rd4+ 76. Kc6 Rc4+ 77.
Rc5 1-0

[Event "*** Titled Tuesday Blitz"]
[Site "Chess.com"]
[Date "2020.04.28"]
[Round "1"]
[White "vanyakuba"]
[Black "PavlovDanila"]
[Result "1/2-1/2"]
[WhiteElo "2412"]
[BlackElo "2750"]
[TimeControl "180+1"]
[EndTime "10:08:38 PDT"]
[Termination "Game drawn - insufficient material"]

1. e4 e6 2. d4 d5 3. exd5 exd5 4. Nf3 Nc6 5. c4 dxc4 6. Bxc4 Bd6 7. O-O Bg4 8. Nc3 Nf6 9. h3 Bh5 10. Re1+ Be7 11. Be3 O-O 12. g4 Nxg4 13. hxg4 Bxg4 14. Bf4 Bd6 15. Bg3 Bxg3 16. fxg3 Qf6 17. Bd5 Rad8 18. Bxc6 bxc6 19. Rf1 Rfe8 20. Qd3 c5 21. d5 c6 22. Rad1 cxd5 23. Nxd5 Qxb2 24. Ng5 f5 25. Ne7+ Kf8 26. Ne6+ Kxe7 27. Nxd8 Bxd1 28. Rxd1 Qd4+ 29. Qxd4 cxd4 30. Nc6+ Kf6 31. Rxd4 Re6 32. Nb4 Re1+ 33. Kf2 Rb1 34. a4 Ra1 35. Nc6 Kg5 36. Nxa7 Ra2+ 37. Kf3 h5 38. Nb5 g6 39. Nd6 Ra3+ 40. Kf2 Kf6 41. Rb4 Ke5 42. Nf7+ Kf6 43. Nd6 g5 44. Nb5 Ra2+ 45.
Kf3 g4+ 46. Ke3 Kg5 47. Nd6 h4 48. gxh4+ Kg6 49. h5+ Kg5 50. h6 Ra3+ 51. Kd4 Rh3 52. Rb5 g3 53. Rxf5+ Kg6 54. Rf8 Kxh6 55. Rg8 Rh4+ 56.
Ke5 Rxa4 57. Nf5+ Kh7 58. Rxg3 Ra5+ 59. Kf6 Ra6+ 60. Kg5 Rg6+ 61. Kf4 Rxg3 62. Nxg3 1/2-1/2

[Event "*** Titled Tuesday Blitz"]
[Site "Chess.com"]
[Date "2020.04.28"]
[Round "1"]
[White "Misticpikachu"]
[Black "putra48"]
[Result "1-0"]
[WhiteElo "2313"]
[BlackElo "2600"]
[TimeControl "180+1"]
[EndTime "10:08:38 PDT"]
[Termination "Misticpikachu won by resignation"]

1. c4 Nf6 2. Nc3 e5 3. g3 d5 4. cxd5 Nxd5 5. Bg2 Nb6 6. Nf3 Nc6 7. O-O Be7 8. a3 O-O 9. b4 Be6 10. d3 Nd4 11.
Rb1 Nxf3+ 12. Bxf3 c6 13. Bb2 f6 14. Rc1 Qd7 15.
Ne4 Rfd8 16. Nc5 Bxc5 17. Rxc5 Qf7 18. Bg2 Bd5 19. Bxd5 Rxd5 20. Qc2 Rad8 21. Rc1 Rxc5 22. bxc5 Nd5 23. Qc4 Nc7 24. a4 Qxc4 25. Rxc4 Na6 26.
Kf1 Kf7 27. Ke1 Rd5 28. Ba3 Ke6 29. Kd2 Rd4 30. Kc3 Kd5 31. e4+ Ke6 32. Rxd4 exd4+ 33. Kxd4 g6 34. Kc4 f5 35. f3 Nc7 36. d4 g5 37.
Bc1 h6 38. h4 gxh4 39. gxh4 h5 40. Bf4 Na6 41. d5+ cxd5+ 42. exd5+ Kd7 43. Kd4 Nb4 44. Bd6 Na2 45. Ke5 Nc3 46. a5 Nb5 47. Kxf5 Nxd6+ 48. cxd6 Kxd6 49. Kg6 Ke5 50. f4+ Kxd5 51. f5 b5 52. axb6 axb6 53. f6 b5 54.
f7 b4 55. f8=Q Kc4 56. Kxh5 b3 57. Kg6 b2 58. Qb8 Kc3 59. h5 Kc2 60. h6 b1=Q 61. Qxb1+ Kxb1 62. h7 1-0

[Event "*** Titled Tuesday Blitz"]
[Site "Chess.com"]
[Date "2020.04.28"]
[Round "1"]
[White "manuellarrea"]
[Black "Natalya_Buksa"]
[Result "0-1"]
[WhiteElo "2188"]
[BlackElo "2535"]
[TimeControl "180+1"]
[EndTime "10:08:41 PDT"]
[Termination "Natalya_Buksa won on time"]

1. e4 c5 2. Nf3 Nc6 3. d4 cxd4 4. Nxd4 Nf6 5. Nc3 e5 6. Ndb5 d6 7. Bg5 a6 8. Na3 b5 9. Bxf6 gxf6 10. Nd5 f5 11. c3 Be6 12. exf5 Bxf5 13. Nc2 Bg7 14.
Nce3 Be6 15. Bd3 O-O 16. Qh5 h6 17. Bf5 Ne7 18. Nxe7+ Qxe7 19. O-O Qg5 20. Qxg5 hxg5 21. Bxe6 fxe6 22. a4 Rfb8 23. axb5 axb5 24. Nc2 d5 25. f3 Bf8 26. Kf2 d4 27. cxd4 exd4 28. Ke2 Ra4 29.
Kd3 Kf7 30. Rfe1 Bg7 31. Ra3 Rc8 32. Rxa4 bxa4 33. Ra1 Rb8 34. Rxa4 Rb3+ 35. Kc4 Rxb2 36. Ra7+ Kg6 37. Nxd4 Bxd4 38. Kxd4 Rxg2 39. Ra6 Kf6 40. Ke4 Re2+ 41. Kd3 Rxh2 42. Ke3 Rb2 43. Ra5 Rb3+ 44. Ke4 Rb1 45. Ke3 Re1+ 46. Kf2 Re5 47. Ra4 Kf5 48. Kg3 Rb5 49. Rc4 Rb1 50. Ra4 Rg1+ 51. Kf2 Rd1 52. Kg3 Ke5 53. Re4+ Kf6 54. Ra4 Kf5 55. Ra5+ Rd5 56.
Ra4 Ke5 57. Re4+ Kf6 58. Ra4 Rb5 59. Rc4 e5 60. Ra4 Rb3 61. Rc4 Kf5 62. Ra4 Re3 63. Kf2 Rc3 64. Kg3 Rc1 65. Kf2 Rd1 66. Kg3 Rd3 67. Kf2 Rd4 68. Ra3 g4 0-1

[Event "*** Titled Tuesday Blitz"]
[Site "Chess.com"]
[Date "2020.04.28"]
[Round "1"]
[White "StephenDedalus83"]
[Black "ErikRonka"]
[Result "1-0"]
[WhiteElo "2803"]
[BlackElo "2423"]
[TimeControl "180+1"]
[EndTime "10:08:42 PDT"]
[Termination "StephenDedalus83 won by resignation"]

1. e4 c6 2. d4 d5 3. Nd2 dxe4 4. Nxe4 Bf5 5. Ng3 Bg6 6. N1e2 e6 7. Nf4 Bd6 8. c3 Nf6 9. h4 Qc7 10. Qf3 Nbd7 11. Bd2 e5 12. Nxg6 hxg6 13. Ne4 exd4 14. cxd4 Nxe4 15. Qxe4+ Kf8 16. O-O-O Nf6 17. Qf3 Qb6 18.
Be3 Qa5 19. Bc4 Qf5 20. Qxf5 gxf5 21. f3 Re8 22. Bf2 Bf4+ 23. Kc2 Be3 24. Be1 Rd8 25.
Bc3 Nd5 26. Bxd5 Rxd5 27. Kd3 Bf2 28. h5 Ke7 29. Ke2 Bg3 30. Rh3 Bd6 31. g4 Kf6 32.
Rg1 Re8+ 33. Kd3 f4 34. h6 Re3+ 35. Kc2 gxh6 36. Rxh6+ Ke7 37. Rh3 c5 38. dxc5 Bxc5 39. Rgh1 Re2+ 40. Kb3 Rd3 41. Rh5 Rxf3 42. Rxc5 Rg3 43.
Rc7+ Kd6 44. Rxf7 f3 45. Rh6+ Kd5 46. Rhf6 Re3 47. g5 Rxg5 48. Rxf3 Rxf3 49. Rxf3 a6 50. Rf7 Kc6 51. Rf6+ Kc7 52. a4 b6 53. Bd4 b5 54. a5 Rg3+ 55. Kb4 Rg4 56. Kc5 Rg5+ 57. Kb4 Rg4 58. Kc3 Rg3+ 59. Kd2 Rg4 60. Kd3 Kb7 61.
Rb6+ Kc7 62. Rxa6 Rg3+ 63. Ke4 Rb3 64. Rb6 b4 65. Kd5 Rh3 66. Rxb4 Rh4 67. Be5+ 1-0

[Event "*** Titled Tuesday Blitz"]
[Site "Chess.com"]
[Date "2020.04.28"]
[Round "1"]
[White "Antelacus"]
[Black "lucliasco"]
[Result "0-1"]
[WhiteElo "2308"]
[BlackElo "2634"]
[TimeControl "180+1"]
[EndTime "10:08:44 PDT"]
[Termination "lucliasco won on time"]

1. d4 Nf6 2. c4 e6 3. Nf3 d5 4. Nc3 a6 5. Bg5 dxc4 6. e4 b5 7. e5 h6 8. Bh4 g5 9. Nxg5 hxg5 10. Bxg5 Nbd7 11. Qf3 Rb8 12. exf6 Bb7 13. Qf4 b4 14. Ne4 c3 15. bxc3 bxc3 16. Bd3 Bxe4 17. Bxe4 Bd6 18. Qf3 c5 19. dxc5 Nxc5 20. Bc6+ Kf8 21. g3 Rc8 22. O-O Qc7 23. Be4 Nxe4 24. Qxe4 c2 25. Qe3 Qc5 26. Bh6+ Kg8 27. Qg5+ Qxg5 28. Bxg5 Ba3 29. Bc1 Bd6 30. Bb2 Kh7 31. Rac1 Kg6 32. Rfe1 Rc6 33.
Kg2 Rhc8 34. Re2 e5 35. h4 Kxf6 36. f4 Kg6 37. fxe5 Bf8 38. g4 Bh6 39. g5 Bg7 40.
Kf3 Rc4 41. Re4 Kf5 42. Rxc4 Rxc4 43. Ke2 Rxh4 44. Rxc2 Rh2+ 45. Kd3 Rxc2 46. Kxc2 Bxe5 47. Bc1 Bf4 48. Bb2 Bxg5 49. Kd3 Kg4 50. Ke2 f5 51.
Kf2 f4 52. Kf1 f3 53. Bd4 Bh4 54. Bc5 Kf5 55. Bb6 Ke4 56. Bc5 Bf6 57. Bd6 Bh4 58. Bc7 Kd3 59. Bb6 Kc4 60. Bc7 Kb5 61. Bd6 a5 62.
Bf8 a4 63. Bd6 Kc4 64. Be5 Kb4 65. Bd6+ Kc3 66. Be5+ Kc2 67. Bd6 Kb1 68. a3 Ka2 0-1

[Event "*** Titled Tuesday Blitz"]
[Site "Chess.com"]
[Date "2020.04.28"]
[Round "1"]
[White "Mischuk_D"]
[Black "slowdgehammer"]
[Result "0-1"]
[WhiteElo "2659"]
[BlackElo "2357"]
[TimeControl "180+1"]
[EndTime "10:08:46 PDT"]
[Termination "slowdgehammer won by checkmate"]

1. e4 c5 2. Nf3 e6 3. d4 cxd4 4.
Nxd4 Nf6 5. Nc3 Nc6 6. Ndb5 Bc5 7. Bf4 O-O 8. Bd6 Qb6 9. Bxc5 Qxc5 10. Qd6 Qb6 11.
Qc7 Qc5 12. Qd6 Qb6 13. Be2 a6 14. Qc7 Qc5 15. Qd6 Qb6 16. Nc7 Qxb2 17. O-O Ne8 18. Nxa8 Nxd6 19. Na4 Qxc2 20. Bd1 Qxe4 21. N8b6 Nd4 22.
Rc1 Nc6 23. Bf3 Qb4 24. Rfd1 Nf5 25. Rb1 Qe7 26. Nc3 d5 27. Re1 Qf6 28. Nca4 Nfd4 29.
Bd1 g6 30. Nc5 Qe7 31. Nd3 Qd6 32. Ba4 Nf5 33. Rec1 Nfe7 34. Nc5 Ne5 35. Bd1 Nc4 36. Nxc4 Qxc5 37. Ne5 Qa5 38. Nf3 Nc6 39. Bb3 Bd7 40. h3 Qc7 41. Nd2 Qd6 42. Nf3 b5 43.
Rd1 Na5 44. Rbc1 Nc4 45. Nd4 Qb6 46. Nf3 Rc8 47. Nd4 Na5 48. Rb1 Nxb3 49. axb3 Rc3 50.
Nf3 Rxf3 51. gxf3 Bc6 52. Kg2 d4 53. Rd3 e5 54. Re1 Qc5 55. Kg3 f5 56. f4 e4 57.
Rdd1 d3 58. Rc1 Qd6 59. Red1 Bd5 60. Rc3 g5 61. Kg2 Qxf4 62. Kg1 Kg7 63. Rc8 Kg6 64. Rd8 Be6 65. Re8 Kf7 66. Ra8 e3 67. Rxd3 Qxf2+ 68. Kh1 Qf1+ 69. Kh2 Qxd3 70. Ra7+ Kf6 71. Rd7 Qxd7 72.
h4 gxh4 73. Kg2 Qd2+ 74. Kf3 Qf2# 0-1

[Event "*** Titled Tuesday Blitz"]
[Site "Chess.com"]
[Date "2020.04.28"]
[Round "1"]
[White "Artem_Koval"]
[Black "VerdeNotte"]
[Result "0-1"]
[WhiteElo "2425"]
[BlackElo "2806"]
[TimeControl "180+1"]
[EndTime "10:08:48 PDT"]
[Termination "VerdeNotte won on time"]

1. e4 e5 2. d4 exd4 3. Bc4 Nf6 4. Nf3 Bc5 5. O-O d6 6. Nxd4 O-O 7. Bg5 h6 8. Bh4 g5 9. Bg3 Nxe4 10. Nc3 Nxg3 11. hxg3 Nc6 12. Nxc6 bxc6 13. Qh5 d5 14. Qxh6 dxc4 15. Ne4 Bd4 16. Rad1 Bg7 17. Qh5 Qe7 18. Rfe1 Bf5 19. Nxg5 Bg6 20. Qh4 Qf6 21. Rd7 Rfe8 22. Red1 Rad8 23. f4 Bf5 24. Rxd8 Rxd8 25. Re1 Bh6 26.
Re2 Bxg5 27. fxg5 Qd4+ 28. Kh2 Qxh4+ 29. gxh4 Rd4 30. g3 Re4 31. Rd2 Bg4 32. Kg2 c3 33. bxc3 Re3 34. c4 Rc3 35. Kf2 Rxc4 36. Ke3 c5 37. Kd3 Rd4+ 38. Kc3 Rxd2 39. Kxd2 Kg7 40. c3 Kg6 41. Ke3 Be6 42. a3 Kf5 43. Kf3 Bd5+ 44. Ke3 Kg4 45. c4 Bxc4 46. Ke4 Be6 47.
Ke5 c4 48. Kd4 c5+ 49. Kc3 Bd5 50. a4 a5 51. Kd2 Bf3 52. Kc3 Be2 53. Kd2 Bd3 54. Kc3 Bf1 55. Kd2 Kxg3 56. h5 Bd3 57. g6 Bxg6 58. h6 Bh7 59. Kc3 f5 60. Kxc4 f4 61.
Kxc5 f3 62. Kb5 f2 63. Kxa5 f1=Q 64. Kb6 Qf6+ 65. Kb5 Qxh6 66. a5 Bd3+ 67. Kb4 Qf4+ 68. Kc5 Qc4+ 69. Kb6 Qa6+ 0-1

[Event "*** Titled Tuesday Blitz"]
[Site "Chess.com"]
[Date "2020.04.28"]
[Round "1"]
[White "Antipov_Mikhail_Al"]
[Black "arctic_t00"]
[Result "0-1"]
[WhiteElo "2885"]
[BlackElo "2470"]
[TimeControl "180+1"]
[EndTime "10:08:49 PDT"]
[Termination "arctic_t00 won on time"]

1. e4 e6 2. d4 d5 3. Nd2 c5 4. Ngf3 Nc6 5. exd5 exd5 6. Bb5 Qe7+ 7. Be2 Qc7 8. O-O Nf6 9. Re1 cxd4 10. Nb3 Bb4 11. Bd2 Bxd2 12. Qxd2 O-O 13. Bd3 Bg4 14. Nfxd4 Rfe8 15. c3 Ne5 16. Qc2 Re7 17. Nd2 Rae8 18. Bb5 Bd7 19. Bxd7 Neg4 20. N4f3 Rxe1+ 21. Rxe1 Rxe1+ 22. Nxe1 Qxh2+ 23. Kf1 Nxd7 24. Qf5 Ngf6 25. Ndf3 Qd6 26. a3 g6 27. Qd3 Kg7 28. Nd4 a6 29. Nef3 Ne4 30. Qe3 Ne5 31. Kg1 Nc4 32. Qe2 Qb6 33. b4 Nxa3 34. Qd3 Nc4 35. g3 a5 36. Kg2 axb4 37. cxb4 Qxb4 38. Nc2 Qd6 39. Qd4+ Kg8 40. Qa7 b5 41. Qa8+ Kg7 42. Ncd4 b4 43. Qb7 Qf6 44.
Qxb4 Ne5 45. Qc5 Nxf3 46. Nxf3 Qe6 47. Qd4+ Qf6 48. Qxd5 Nd6 49. Ne5 Nf5 50. Qe4 Ne7 51. Qd4 Nf5 52. Qc3 h5 53. Qc5 Ne7 54. Nd7 Qc6+ 55.
Qxc6 Nxc6 56. Nc5 Kf6 57. Ne4+ Ke5 58. Ng5 Nd8 0-1

[Event "*** Titled Tuesday Blitz"]
[Site "Chess.com"]
[Date "2020.04.28"]
[Round "1"]
[White "MilanovicDan"]
[Black "MaximDlugy"]
[Result "1/2-1/2"]
[WhiteElo "2462"]
[BlackElo "2902"]
[TimeControl "180+1"]
[EndTime "10:08:50 PDT"]
[Termination "Game drawn - insufficient material"]

1. d4 d5 2. c4 dxc4 3. Nf3 a6 4. a4 Nc6 5. e3 Be6 6. Be2 Nf6 7. O-O h6 8. Qc2 Na5 9. Nbd2 Rc8 10. Nxc4 Nxc4 11. Bxc4 Bxc4 12. Qxc4 e6 13. b4 Qd5 14. Qc3 Ne4 15. Qb2 Bd6 16. Rb1 O-O 17. Qc2 c6 18. a5 f5 19. Ne1 e5 20. f3 Nf6 21. Qxf5 exd4 22. Qd3 dxe3 23. Bxe3 Rfe8 24. Bf2 Rcd8 25.
Qxd5+ Nxd5 26. Nd3 Nc3 27. Rb3 Ne2+ 28. Kh1 Nf4 29.
Nc5 Bxc5 30. bxc5 Rd7 31. Bg3 Ne6 32. Bd6 Nd4 33. Rd3 Nb5 34. Kg1 Red8 35. Rfd1 Kf7 36. Kf2 Nxd6 37. cxd6 Ke6 38. Re3+ Kf6 39. Red3 c5 40.
Ke3 Rc8 41. Ke4 Ke6 42. Rd5 Rc6 43. Re5+ Kf6 44. Rf5+ Kg6 45. Rfd5 Kf6 46. Rf5+ Kg6 47. Rfd5 c4 48. Ke5 Kf7 49. Rc1 c3 50. Rc2 g6 51.
f4 Rc8 52. g4 Re8+ 53. Kd4 Re6 54. Rxc3 Rexd6 55. Rxd6 Rxd6+ 56. Ke5 Re6+ 57. Kd5 Re7 58.
h4 h5 59. gxh5 gxh5 60. Rg3 Re3 61. Rg5 Rb3 62. Kd6 Rb4 63. Rxh5 Kg6 64. Rg5+ Kf6 65. Rh5 Rxf4 66. Kc7 Rb4 67. Rh6+ Kg7 68. Rb6 Ra4 69. h5 Rxa5 70. h6+ Kh7 71. Kxb7 Rb5 72. Kxa6 Rxb6+ 73. Kxb6 Kxh6 1/2-1/2

[Event "*** Titled Tuesday Blitz"]
[Site "Chess.com"]
[Date "2020.04.28"]
[Round "1"]
[White "Spring199"]
[Black "tigra"]
[Result "0-1"]
[WhiteElo "2415"]
[BlackElo "2777"]
[TimeControl "180+1"]
[EndTime "10:08:51 PDT"]
[Termination "tigra won on time"]

1. d4 d5 2. c4 e6 3. Nc3 a6 4.
Nf3 dxc4 5. e4 b5 6. a4 b4 7. Nb1 Bb7 8. Qc2 Nf6 9. Nbd2 c3 10. bxc3 bxc3 11. Qxc3 Nxe4 12. Nxe4 Bxe4 13. Be2 Nd7 14. O-O Nf6 15. Ne5 Bd6 16. Bg5 h6 17. Bh4 O-O 18. Nc6 Qd7 19. Ne5 Qe7 20. Ng4 Nd5 21. Qh3 f6 22. Bc4 Qf7 23. Bg3 Bf5 24. Bxd6 cxd6 25.
Qg3 Bxg4 26. Qxg4 f5 27. Qe2 Rfe8 28. Rfe1 a5 29. Ra3 Nf4 30. Qd2 Nd5 31. Rg3 Kh7 32.
Qe2 Rac8 33. Bb3 Nf4 34. Qf3 g5 35. h4 Qf6 36. hxg5 hxg5 37. Qd1 d5 38. Rge3 Kg6 39. g3 Nh3+ 40. Kg2 g4 41. Bc2 Ng5 42. Qxg4 Rh8 43.
Rxe6 Rxc2 44. Rxf6+ Kxf6 45. Qf4 Rh7 46. Qe5+ Kg6 47.
Qe8+ Rf7 48. Qg8+ Kf6 49. Qd8+ Kg6 50. Qxd5 Rd2 51. Qc6+ Rf6 52. Qe8+ Kg7 53. Re7+ Nf7 54. Qd7 f4 55. g4 f3+ 56. Kg3 Rd1 57. g5 Rg1+ 58.
Kh2 Rxg5 59. Rxf7+ Rxf7 60. Qd6 Rf6 0-1

[Event "*** Titled Tuesday Blitz"]
[Site "Chess.com"]
[Date "2020.04.28"]
[Round "1"]
[White "almaguerjm"]
[Black "Revnov"]
[Result "1/2-1/2"]
[WhiteElo "2359"]
[BlackElo "2679"]
[TimeControl "180+1"]
[EndTime "10:08:54 PDT"]
[Termination "Game drawn by repetition"]

1. d4 e6 2. Bf4 d5 3. Qd2 Bd6 4. Nc3 Nf6 5. f3 Nbd7 6. Bxd6 cxd6 7. e3 a6 8. g4 b5 9. Bd3 Bb7 10. Nge2 Nb6 11. g5 Nh5 12. h4 Rc8 13. b3 g6 14.
Nd1 e5 15. Nf2 O-O 16. O-O h6 17. dxe5 dxe5 18. e4 hxg5 19. hxg5 Kg7 20. Ng4 Qe7 21. Kg2 Rcd8 22. Rh1 dxe4 23. Rxh5 gxh5 24. Nf6 exd3 25. Ng3 Rh8 26. Nf5+ Kf8 27. Nxe7 Kxe7 28. Qe3 Nd7 29. cxd3 Ke6 30. Ne4 Rc8 31. Rc1 Rxc1 32. Qxc1 Rc8 33. Qa3 Rc6 34. b4 Rc2+ 35. Kg3 Rc8 36. Qb3+ Bd5 37.
Qb2 Rc6 38. a3 f5 39. gxf6 Bxe4 40. dxe4 Nxf6 41. Qb3+ Rc4 42. Qd3 Ke7 43. Qe3 Rd4 44. Qh6 Ke6 45. Qf8 Rd6 46. Qc8+ Ke7 47. Qc5 Ke6 48.
Kh4 Ke7 49. Kg5 Nd7 50. Qc7 Re6 51. Kf5 Rf6+ 52. Kg5 Re6 53. Kxh5 Rf6 54. Kg4 Re6 55. Kg3 Rg6+ 56. Kf2 Rd6 57. Ke3 Rf6 58. Qc8 Re6 59.
Qg8 Rf6 60. Qg7+ Ke6 61. Qg4+ Ke7 62. Qg5 Ke6 63. Qg8+ Ke7 64. Qa8 Rd6 65. f4 exf4+ 66. Kxf4 Rf6+ 67. Ke3 Re6 68. Qb7 Rb6 69. Qc7 Re6 70. Kd4 Rd6+ 71. Ke3 Re6 72. Qc3 Rc6 73. Qg7+ Ke8 74. e5 Re6 75. Qg8+ Ke7 76. Qh7+ Ke8 77. Qh8+ Ke7 78. Kd4 Rxe5 79. Qxe5+ Nxe5 80. Kxe5 Kd7 81. Kd5 Kc7 82. Kc5 Kb7 83. Kd6 Kb6 84. Kd7 Kb7 85.
Kd6 Kb6 86. Kd5 Kb7 87. Kc5 Kc7 88. Kd5 Kd7 89. Kc5 Kc7 90. Kd5 Kd7 91. Kc5 Kc7 1/2-1/2

[Event "*** Titled Tuesday Blitz"]
[Site "Chess.com"]
[Date "2020.04.28"]
[Round "1"]
[White "dennisodessa"]
[Black "ulises2013"]
[Result "0-1"]
[WhiteElo "2301"]
[BlackElo "2621"]
[TimeControl "180+1"]
[EndTime "10:09:04 PDT"]
[Termination "ulises2013 won on time"]

1. d4 g6 2. c4 Bg7 3. Nc3 c5 4. d5 d6 5. e4 e5 6. Bd3 Ne7 7. h4 f5 8. h5 f4 9. Nh3 Bf6 10. g3 g5 11. Bd2 g4 12. Ng1 f3 13.
Be3 O-O 14. Qd2 Kh8 15. O-O-O Ng8 16. h6 Ne7 17. Rh5 Ng6 18. Kb1 Qe7 19. Rc1 Rf7 20.
Nd1 Nd7 21. Ka1 b6 22. Nc3 Ndf8 23. Nb5 Kg8 24. Na3 Nh8 25. Nc2 Nfg6 26. Na3 Rf8 27. Nc2 Nf7 28. Na3 Bd7 29. Nb5 Rfc8 30. Na3 Be8 31. Nb5 Rab8 32. Rb1 a6 33. Na3 b5 34.
Rc1 Bd7 35. Rc2 b4 36. Nb1 b3 37. Rc3 bxa2 38. Kxa2 Rb6 39. Ra3 Rcb8 40. Nc3 Qd8 41. b3 Qc8 42. Bc2 Rb4 43. Qc1 Bd8 44. Bd2 R4b6 45. Nd1 Kf8 46. Ne3 Ra8 47. Nf5 Bxf5 48. exf5 Ngh8 49. Qe1 a5 50. Qe4 a4 51. Rxa4 Rxa4+ 52. bxa4 Bf6 53. Bc3 Ng5 54. Qxg4 Nhf7 55. Nxf3 Nxf3 56.
Qxf3 Ke7 57. Qe4 Rb8 58. f4 Qd7 59. g4 Kf8 60. g5 Bd8 61. fxe5 Qb7 0-1

[Event "*** Titled Tuesday Blitz"]
[Site "Chess.com"]
[Date "2020.04.28"]
[Round "1"]
[White "GHANDEEVAM2003"]
[Black "KarstenHansch"]
[Result "1/2-1/2"]
[WhiteElo "2849"]
[BlackElo "2452"]
[TimeControl "180+1"]
[EndTime "10:09:05 PDT"]
[Termination "Game drawn by stalemate"]

1. e4 c6 2. d4 d5 3. Nc3 dxe4 4. Nxe4 Bf5 5. Ng3 Bg6 6. h4 h6 7. Nf3 Nd7 8. h5 Bh7 9. Bd3 Bxd3 10. Qxd3 e6 11. Bf4 Qa5+ 12. Bd2 Qb6 13. O-O-O Ngf6 14. c4 Be7 15. Bc3 O-O-O 16. Qe2 Rhe8 17. Ne5 Nxe5 18. dxe5 Nd7 19. Ne4 Nc5 20. Nd6+ Bxd6 21. exd6 f6 22.
Rh3 e5 23. b3 Ne6 24. Rg3 Rd7 25. Qe1 Qa6 26. Kb2 Red8 27. Qe4 Qb6 28. Qf5 Kb8 29. Rgd3 Nf4 30. R3d2 Nxg2 31. b4 c5 32. b5 Nf4 33.
Qg4 Rxd6 34. Rxd6 Rxd6 35. Rxd6 Qxd6 36. Qxg7 Nd3+ 37. Ka3 Nxf2 38. Qxh6 Qd3 39. Qf8+ Kc7 40. Qxc5+ Kd7 41. Qd5+ Qxd5 42. cxd5 Ng4 43. Bd2 f5 44. Bg5 f4 45. h6 Nxh6 46. Bxh6 Kd6 47. Kb4 Kxd5 48.
Kc3 Kc5 49. a4 Kd5 50. Kd3 Kc5 51. Bf8+ Kb6 52. Bb4 a6 53. Kc4 axb5+ 54. axb5 e4 55. Bd6 f3 56. Bc5+ Ka5 57. Be3 Ka4 58. Kc5 Ka5 59. b6 Ka4 60. Kd5 Kb3 61. Kxe4 Kc4 62.
Bf2 Kb5 63. Kxf3 Kc6 64. Ke4 Kd7 65. Kd5 Kc8 66. Bg3 Kd7 67. Bd6 Kc8 68. Ke6 Kd8 69.
Be7+ Kc8 70. Bd6 Kd8 71. Be5 Kc8 72. Kd6 Kb8 73. Kd7+ Ka8 74. Bc7 1/2-1/2

[Event "*** Titled Tuesday Blitz"]
[Site "Chess.com"]
[Date "2020.04.28"]
[Round "1"]
[White "AvitalBor"]
[Black "BasilSmash"]
[Result "1-0"]
[WhiteElo "2831"]
[BlackElo "2431"]
[TimeControl "180+1"]
[EndTime "10:09:08 PDT"]
[Termination "AvitalBor won on time"]

1. e4 c6 2. d4 d5 3. e5 Bf5 4. Be2 e6 5. Nf3 Ne7 6. O-O Ng6 7. Re1 Nd7 8. Nbd2 f6 9. exf6 Qxf6 10. Nf1 Bd6 11. Bg5 Qf7 12. Ng3 O-O 13. Qd2 Rae8 14. Be3 h6 15. c4 a6 16. Rac1 Nf6 17. cxd5 Nxd5 18. Ne5 Nxe5 19. dxe5 Bxe5 20. Bh5 Bg6 21. Bxg6 Qxg6 22. Rc4 Rd8 23. Qe2 Nxe3 24. Qxe3 Bxg3 25.
hxg3 Rd6 26. Re4 Rf6 27. a4 Qf5 28. Re5 Qc2 29. Re2 Rd1+ 30. Kh2 Qb1 31. g4 Rh1+ 32. Kg3 Qg6 33. Rxe6 Rxe6 34. Qxe6+ Qxe6 35. Rxe6 Rb1 36. Re2 Kf7 37. Kf4 Ra1 38. Re4 Kf6 39. Rb4 b5 40.
axb5 axb5 41. Rb3 Ra4+ 42. Kg3 Rc4 43. Rd3 Rc2 44. b3 c5 45. Rd6+ Ke5 46. Rg6 b4 47. f4+ Kd4 48. Rxg7 Rc3+ 49. Kh4 Rxb3 50. f5 c4 51. f6 Rb1 52. Rd7+ Kc3 53. Kh5 Rf1 54. f7 b3 55. Kxh6 b2 56. Rb7 Rxf7 57. Rxf7 b1=Q 58. g5 Qh1+ 59. Kg7 Qxg2 60. g6 Qg5 61. Kh7 Qh5+ 62. Kg7 Kd3 63. Rf6 c3 64. Kf8 Qg5 65.
Rd6+ Ke4 66. g7 Qf4+ 67. Ke7 Qg5+ 68. Kf7 Qf5+ 69. Rf6 Qe6+ 70. Rxe6+ Kd3 71. Rc6 c2 72. g8=Q 1-0

[Event "*** Titled Tuesday Blitz"]
[Site "Chess.com"]
[Date "2020.04.28"]
[Round "1"]
[White "kosmeg"]
[Black "Kobalia"]
[Result "1/2-1/2"]
[WhiteElo "2388"]
[BlackElo "2710"]
[TimeControl "180+1"]
[EndTime "10:09:09 PDT"]
[Termination "Game drawn by repetition"]

1. d4 d5 2. c4 e6 3. Nf3 a6 4.
Nbd2 Nf6 5. g3 c5 6. Bg2 cxd4 7. O-O Nc6 8. cxd5 Nxd5 9. Nb3 e5 10. Nxe5 Nxe5 11. Qxd4 Nc6 12. Qxd5 Be6 13. Qxd8+ Rxd8 14. Be3 Be7 15. Nc5 Bxc5 16. Bxc5 f6 17. Rfd1 Rxd1+ 18.
Rxd1 Bxa2 19. Bh3 Bc4 20. Rd7 b6 21. Bxb6 O-O 22. Rc7 Bb5 23. Be6+ Kh8 24. Bd7 Ne5 25.
Bxb5 axb5 26. Rb7 h5 27. Bd4 Nc6 28. Bc5 Re8 29. Kf1 Re5 30. b4 Kh7 31. Rxb5 Nxb4 32. Rxb4 Rxc5 33. Kg2 Kg6 34. Re4 Rc2 35. h3 Rb2 36. g4 hxg4 37. hxg4 Kf7 38. Kg3 g5 39. e3 Ra2 40. Rb4 Rc2 41. Rb7+ Kf8 42. Kf3 Rc4 43.
Rd7 Ke8 44. Rd4 Rc5 45. Ke4 Re5+ 46. Kf3 Rc5 47. Rd6 Ke7 48. Ra6 Kf7 49. Ke4 Re5+ 50. Kd4 Rb5 51. f3 Rb4+ 52. Kd3 Rb3+ 53. Ke2 Rb2+ 54.
Kd3 Rb3+ 55. Kd4 Rb4+ 56. Kc3 Rb1 57. Ra5 Rf1 58. Rf5 Ke6 59. Kd4 Rf2 60. Ke4 Ra2 61. Rd5 Ra4+ 62. Rd4 Ra5 63. Rb4 Ke7 64. Rb6 Kf7 65. f4 gxf4 66. exf4 f5+ 67. gxf5 Ra1 68. Rb4 Re1+ 69. Kf3 Kf6 70. Rb5 Rh1 71. Kg4 Rg1+ 72. Kf3 Rf1+ 73. Ke4 Re1+ 74. Kf3 Rf1+ 75. Ke4 Re1+ 76.
Kf3 1/2-1/2